General information
- name: BNet
- type: Ladder team game (AT/RT)
- host: Battle.net
- saver: GOSU.GOD.
map: Deathknell
- players: 8
- length: 14:47
- speed: Fast
- version: 1.26 W3XP
- replay type: Public
» download(125 KB)
Players
team 1 (loser)
r00t (
blue | 39 APM | 566 actions | 14:36)
3 Demon Hunter
1 Evasion
2 Mana Burn
» actions
| Assign group hotkey | 10 | |
| Basic commands | 68 | |
| Build / train | 47 | |
| Enter build submenu | 14 | |
| Enter hero's abilities submenu | 3 | |
| Right click | 158 | |
| Select / deselect | 161 | |
| Select group hotkey | 66 | |
| Use ability | 39 | |
566 total
» units
| Wisp | 12 | |
| Archer | 7 | |
| Huntress | 3 | |
| Dryad | 5 | |
| Faerie Dragon | 1 | |
| Druid of the Talon | 1 | |
| Hippogryph | 6 | |
35 total
» upgrades
| Ultravision | 1 | |
| Strength of the Wild | 2 | |
| Reinforced Hides | 2 | |
| Abolish Magic | 1 | |
6 total
» buildings
| Altar of Elders | 1 | |
| Moon Well | 7 | |
| Ancient of War | 1 | |
| Hunter's Hall | 1 | |
| Ancient of Wonders | 1 | |
| Tree of Ages | 1 | |
| Ancient Protector | 2 | |
| Ancient of Lore | 1 | |
| Ancient of Wind | 1 | |
| Tree of Eternity | 1 | |
17 total
» build order
00:10 Altar of Elders
00:14 Moon Well
00:16 Moon Well
00:39 Ancient of War
01:32 Moon Well
02:11 Hunter's Hall
03:27 Ancient of Wonders
03:50 Moon Well
05:32 Tree of Ages
07:03 Moon Well
07:39 Ancient Protector
07:41 Ancient Protector
08:33 Ancient of Lore
08:45 Ancient of Wind
10:08 Tree of Eternity
11:33 Moon Well
12:08 Moon Well
Flashbang_Omnix (
orange | 80 APM | 1174 actions | 14:41)
3 Archmage
2 Blizzard
1 Brilliance Aura
» actions
| Basic commands | 71 | |
| Build / train | 46 | |
| ESC pressed | 3 | |
| Enter build submenu | 10 | |
| Enter hero's abilities submenu | 3 | |
| Give item / drop item | 1 | |
| Right click | 810 | |
| Select / deselect | 171 | |
| Use ability | 59 | |
1174 total
» units
| Peasant | 5 | |
| Footman | 13 | |
| Knight | 11 | |
29 total
» upgrades
| Defend | 1 | |
| Plating | 1 | |
| Animal War Training | 1 | |
3 total
» buildings
| Altar of Kings | 1 | |
| Barracks | 2 | |
| Farm | 7 | |
| Keep | 1 | |
| Lumber Mill | 1 | |
| Blacksmith | 1 | |
| Arcane Vault | 1 | |
| Castle | 1 | |
15 total
» build order
00:09 Altar of Kings
00:11 Barracks
00:12 Farm
00:13 Farm
03:03 Farm
03:04 Farm
03:52 Barracks
03:56 Farm
05:47 Keep
06:52 Lumber Mill
06:56 Blacksmith
06:59 Arcane Vault
07:02 Farm
07:03 Farm
08:26 Castle
» items
| Scroll of Town Portal | 3 | |
| Scroll of Regeneration | 2 | |
| Potion of Healing | 2 | |
| Healing Salve | 1 | |
8 total

»
purple.drank (
purple | 56 APM | 834 actions | 14:46)
2 Blademaster
1 Wind Walk
1 Critical Strike
1 Shadow Hunter
1 Healing Wave
» actions
| Build / train | 38 | |
| Enter build submenu | 16 | |
| Enter hero's abilities submenu | 3 | |
| Right click | 558 | |
| Select / deselect | 190 | |
| Use ability | 29 | |
834 total
» units
| Peon | 11 | |
| Grunt | 4 | |
| Shaman | 3 | |
| Tauren | 5 | |
23 total
» upgrades
| Melee Weapons | 2 | |
| Shaman Training | 2 | |
| Armor | 1 | |
5 total
» buildings
| Altar of Storms | 1 | |
| Orc Burrow | 6 | |
| Barracks | 2 | |
| Voodoo Lounge | 1 | |
| Stronghold | 1 | |
| War Mill | 1 | |
| Spirit Lodge | 1 | |
| Fortress | 1 | |
| Tauren Totem | 2 | |
16 total
» build order
00:15 Altar of Storms
00:19 Orc Burrow
00:31 Barracks
01:40 Orc Burrow
02:53 Voodoo Lounge
03:47 Stronghold
03:55 Orc Burrow
04:15 War Mill
05:32 Orc Burrow
06:07 Barracks
06:08 Spirit Lodge
06:55 Fortress
06:59 Orc Burrow
08:16 Orc Burrow
09:30 Tauren Totem
09:35 Tauren Totem
» items
| Orb of Lightning | 1 | |
| Healing Salve | 1 | |
2 total
OrcWizdumb (
teal | 57 APM | 831 actions | 14:33)
2 Death Knight
1 Death Coil
1 Death Pact
1 Lich
1 Frost Nova
» actions
| Assign group hotkey | 2 | |
| Build / train | 52 | |
| Enter build submenu | 18 | |
| Enter hero's abilities submenu | 3 | |
| Give item / drop item | 3 | |
| Remove unit from queue | 1 | |
| Right click | 517 | |
| Select / deselect | 183 | |
| Use ability | 52 | |
831 total
» units
| Acolyte | 5 | |
| Ghoul | 5 | |
| Crypt Fiend | 8 | |
| Frost Wyrm | 2 | |
20 total
» upgrades
» buildings
| Ziggurat | 4 | |
| Altar of Darkness | 1 | |
| Crypt | 1 | |
| Tomb of Relics | 1 | |
| Nerubian Tower | 1 | |
| Halls of the Dead | 5 | |
| Graveyard | 1 | |
| Black Citadel | 2 | |
| Sacrificial Pit | 1 | |
| Spirit Tower | 1 | |
| Boneyard | 2 | |
| Slaughterhouse | 1 | |
| Necropolis | 1 | |
22 total
» build order
00:11 Ziggurat
00:18 Altar of Darkness
00:31 Crypt
01:01 Tomb of Relics
01:41 Ziggurat
02:27 Nerubian Tower
03:09 Halls of the Dead
03:10 Halls of the Dead
03:10 Halls of the Dead
03:32 Graveyard
03:39 Ziggurat
05:09 Ziggurat
06:38 Black Citadel
06:43 Sacrificial Pit
07:00 Spirit Tower
09:49 Boneyard
09:53 Boneyard
12:19 Slaughterhouse
12:50 Necropolis
» items
| Rod of Necromancy | 3 | |
| Dust of Appearance | 1 | |
| Potion of Healing | 3 | |
| Potion of Mana | 1 | |
| Lesser Clarity Potion | 1 | |
| Orb of Lightning | 4 | |
13 total
team 2 (winner)
dch (
red | 109 APM | 1616 actions | 14:46)
2 Priestess of the Moon
1 Scout
1 Trueshot Aura
2 Demon Hunter
1 Mana Burn
1 Evasion
» actions
| Assign group hotkey | 25 | |
| Basic commands | 32 | |
| Build / train | 69 | |
| ESC pressed | 1 | |
| Enter build submenu | 16 | |
| Enter hero's abilities submenu | 4 | |
| Give item / drop item | 2 | |
| Right click | 791 | |
| Select / deselect | 252 | |
| Select group hotkey | 375 | |
| Use ability | 49 | |
1616 total
» units
| Wisp | 23 | |
| Archer | 8 | |
| Druid of the Claw | 5 | |
| Dryad | 2 | |
38 total
» upgrades
| Druid of the Claw Training | 2 | |
| Mark of the Claw | 1 | |
| Abolish Magic | 1 | |
4 total
» buildings
| Altar of Elders | 1 | |
| Moon Well | 6 | |
| Ancient of War | 2 | |
| Tree of Life | 1 | |
| Tree of Ages | 3 | |
| Ancient of Wonders | 1 | |
| Hunter's Hall | 1 | |
| Tree of Eternity | 2 | |
| Ancient of Lore | 3 | |
20 total
» build order
00:04 Altar of Elders
00:25 Moon Well
01:33 Ancient of War
01:41 Moon Well
01:55 Ancient of War
02:13 Moon Well
04:58 Tree of Life
05:15 Tree of Ages
05:15 Tree of Ages
05:16 Tree of Ages
05:49 Ancient of Wonders
05:51 Hunter's Hall
07:42 Tree of Eternity
08:27 Ancient of Lore
08:46 Ancient of Lore
08:48 Ancient of Lore
09:28 Moon Well
10:22 Moon Well
11:39 Moon Well
» items
| Staff of Preservation | 3 | |
| Potion of Healing | 2 | |
| Orb of Venom | 1 | |
6 total
Ternlef (
green | 112 APM | 1653 actions | 14:47)
4 Demon Hunter
2 Mana Burn
2 Evasion
3 Naga Sea Witch
2 Frost Arrows
1 Forked Lightning
» actions
| Assign group hotkey | 20 | |
| Basic commands | 9 | |
| Build / train | 58 | |
| ESC pressed | 4 | |
| Enter build submenu | 28 | |
| Enter hero's abilities submenu | 7 | |
| Give item / drop item | 2 | |
| Remove unit from queue | 2 | |
| Right click | 967 | |
| Select / deselect | 307 | |
| Select group hotkey | 189 | |
| Use ability | 60 | |
1653 total
» units
» upgrades
| Abolish Magic | 1 | |
| Strength of the Wild | 1 | |
2 total
» buildings
| Altar of Elders | 2 | |
| Moon Well | 4 | |
| Ancient of War | 1 | |
| Ancient of Wonders | 1 | |
| Tree of Ages | 3 | |
| Hunter's Hall | 1 | |
| Tree of Life | 4 | |
| Ancient Protector | 6 | |
| Ancient of Lore | 2 | |
24 total
» build order
00:13 Altar of Elders
00:14 Altar of Elders
00:15 Moon Well
00:40 Ancient of War
01:31 Moon Well
02:23 Ancient of Wonders
03:10 Tree of Ages
03:10 Tree of Ages
04:09 Hunter's Hall
04:29 Tree of Life
05:38 Ancient Protector
05:40 Ancient Protector
07:48 Ancient of Lore
08:16 Ancient of Lore
08:49 Tree of Life
09:11 Ancient Protector
09:57 Tree of Life
10:55 Moon Well
11:35 Ancient Protector
11:37 Ancient Protector
11:38 Tree of Life
12:44 Moon Well
12:46 Ancient Protector
» items

»
karlsson_erik (
yellow | 47 APM | 691 actions | 14:46)
3 Demon Hunter
2 Immolation
1 Evasion
2 Keeper of the Grove
1 Force of Nature
1 Entangling Roots
2 Priestess of the Moon
1 Trueshot Aura
1 Searing Arrows
» actions
| Build / train | 56 | |
| Enter build submenu | 14 | |
| Enter hero's abilities submenu | 7 | |
| Remove unit from queue | 1 | |
| Right click | 339 | |
| Select / deselect | 238 | |
| Use ability | 36 | |
691 total
» units
| Wisp | 13 | |
| Archer | 13 | |
| Hippogryph | 9 | |
35 total
» upgrades
| Hippogryph Taming | 1 | |
| Improved Bows | 2 | |
| Strength of the Moon | 2 | |
| Moon Armor | 1 | |
| Marksmanship | 1 | |
7 total
» buildings
| Altar of Elders | 1 | |
| Moon Well | 9 | |
| Tree of Ages | 2 | |
| Ancient of War | 1 | |
| Hunter's Hall | 1 | |
| Ancient of Wind | 1 | |
| Tree of Eternity | 1 | |
16 total
» build order
00:16 Altar of Elders
00:18 Moon Well
02:03 Tree of Ages
02:03 Tree of Ages
02:09 Ancient of War
02:22 Moon Well
03:23 Moon Well
03:27 Moon Well
03:55 Hunter's Hall
04:33 Ancient of Wind
06:35 Moon Well
06:39 Tree of Eternity
07:43 Moon Well
08:21 Moon Well
12:27 Moon Well
13:32 Moon Well
GOSU.GOD. (
pink | 73 APM | 1077 actions | 14:47)
5 Blademaster
3 Wind Walk
2 Critical Strike
4 Shadow Hunter
2 Hex
2 Healing Wave
» actions
| Assign group hotkey | 28 | |
| Basic commands | 1 | |
| Build / train | 51 | |
| Enter build submenu | 12 | |
| Enter hero's abilities submenu | 9 | |
| Give item / drop item | 3 | |
| Right click | 468 | |
| Select / deselect | 120 | |
| Select group hotkey | 325 | |
| Use ability | 60 | |
1077 total
» units
» upgrades
» buildings
| Altar of Storms | 1 | |
| Orc Burrow | 6 | |
| Barracks | 1 | |
| Voodoo Lounge | 1 | |
| Stronghold | 2 | |
| War Mill | 1 | |
| Beastiary | 2 | |
| Fortress | 1 | |
| Great Hall | 1 | |
16 total
» build order
00:09 Altar of Storms
00:18 Orc Burrow
00:36 Barracks
01:21 Orc Burrow
01:56 Voodoo Lounge
02:54 Stronghold
02:54 Stronghold
03:35 Orc Burrow
04:09 Orc Burrow
04:29 War Mill
05:32 Beastiary
05:35 Beastiary
08:28 Fortress
10:16 Great Hall
10:31 Orc Burrow
10:31 Orc Burrow
» items
| Healing Salve | 3 | |
| Lesser Clarity Potion | 1 | |
| Potion of Healing | 1 | |
| Potion of Mana | 1 | |
6 total
Chat log
(00:08 / Allies) karlsson_erik: wtf is that map
(00:28 / Allies) GOSU.GOD.: ur lagging red
(00:56 / All) GOSU.GOD.: flashbang
(01:01 / All) Flashbang_Omnix: what?
(01:05 / All) GOSU.GOD.: u gonna tk?
(01:17 / All) Flashbang_Omnix: that's a stupid question
(01:22 / All) Flashbang_Omnix: why would I?
(01:30 / All) GOSU.GOD.: u do it a lot
(01:38 / All) GOSU.GOD.: and ur a loyal forum poster
(01:46 / All) Flashbang_Omnix: i dont backstab
(01:52 / All) Flashbang_Omnix: i backstab afkers though
(01:59 / All) purple.drank: i stab ass
(02:34 / Allies) karlsson_erik: GREEN WTF
(02:47 / Allies) karlsson_erik: pro* sorry
(02:50 / Allies) GOSU.GOD.: god dammit red ur lagging bad
(05:04 / Allies) karlsson_erik: out
(05:16 / Allies) karlsson_erik: green is pro
(05:38 / Allies) karlsson_erik: help
(05:42 / Allies) GOSU.GOD.: coming
(07:07 / Allies) Ternlef: omw
(07:53 / Allies) dch: am
(08:25 / Allies) karlsson_erik: lumber plz
(08:48 / Allies) karlsson_erik: plz lumvwe
(09:01 / Allies) karlsson_erik: thx
(09:57 / Allies) karlsson_erik: pro green
(10:05 / Allies) GOSU.GOD.: he is prololz
(10:44 / Allies) GOSU.GOD.: now that im coming their heros will perish
(11:25 / Allies) karlsson_erik: we win this easy
(11:39 / All) Flashbang_Omnix: what is this fuckin lag!
(13:07 / Allies) dch: no
(13:24 / Allies) karlsson_erik: ¸omw
(14:26 / All) Flashbang_Omnix: fuckin suck ass team
(14:29 / All) Ternlef: gg
(14:30 / All) Ternlef: ?
(14:31 / All) Flashbang_Omnix: aint my fault
(14:33 / All) karlsson_erik: gg easy
(14:39 / All) GOSU.GOD.: man up flashbang